 Dungeon Crawl Stone Soup version 0.22.1-2-g9c5b331383 (webtiles) character file.

60 Revguard the Firebug (level 3, -4/19 HPs)
             Began as a Deep Elf Fire Elementalist on Dec 13, 2018.
             Slain by Sigmund
             ... wielding a +0 scythe
              (6 damage)
             ... on level 2 of the Dungeon.
             The game lasted 00:07:34 (1934 turns).

Revguard the Firebug (Deep Elf Fire Elementalist)   Turns: 1934, Time: 00:07:36

Health: -4/19      AC:  0    Str:  5    XL:     3   Next: 80%
Magic:  1/10       EV: 13    Int: 19    God:
Gold:   30         SH:  0    Dex: 16    Spells: 3/9 levels left

rFire    + . .     SeeInvis .   d - +0 spear
rCold    + . .     Gourm    .   (no shield)
rNeg     . . .     Faith    .   j - -2 robe (curse)
rPois    +         Spirit   .   (no helmet)
rElec    +         Reflect  .   (no cloak)
rCorr    +         Harm     .   (no gloves)
MR       .....                  (no boots)
Stlth    +++.......             (no amulet)
HPRegen  0.06/turn              h - ring of stealth
MPRegen  0.12/turn              (no ring)

@: resistant
A: no striking features
a: no special abilities


You were on level 2 of the Dungeon.
You were very hungry.

You visited 1 branch of the dungeon, and saw 2 of its levels.

You collected 30 gold pieces.

Inventory:

Hand Weapons
 d - a +0 spear (weapon)
Armour
 a - a +0 robe
 j - a cursed -2 robe (worn)
Jewellery
 h - a ring of stealth (left hand)
Scrolls
 e - 2 scrolls of blinking
Potions
 b - a potion of curing
Comestibles
 c - 3 rations


   Skills:
 * Level 0.7 Polearms
 + Level 2.7 Dodging
 + Level 2.9 Stealth
 + Level 3.6 Spellcasting
 + Level 1.7 Conjurations
 + Level 4.0 Fire Magic


You had 3 spell levels left.
You knew the following spells:

 Your Spells              Type           Power        Failure   Level  Hunger
a - Flame Tongue          Conj/Fire      ##...        4%          1    None
b - Throw Flame           Conj/Fire      ##....       7%          2    ##.....
c - Inner Flame           Hex/Fire       ##......     19%         3    ###....

Your spell library contained the following spells:

 Spells                   Type           Power        Failure   Level  Hunger
 Conjure Flame            Conj/Fire      ##......     13%         3    ###....
 Sticky Flame             Conj/Fire      ##......     41%         4    ####...
 Fireball                 Conj/Fire      ##........   77%         5    ######.


Dungeon Overview and Level Annotations

Branches:
Dungeon (2/15)

Altars:

Annotations:
D:2 Sigmund


Message History

You feel sick. 2 goblins come into view.
You feel sick.
The goblin moves out of view. x2
A goblin comes into view.
The goblin moves out of view.
Found an escape hatch in the ceiling. 2 goblins come into view.
The goblin shouts!
The goblin drinks a potion.
The goblin seems to speed up.
Sigmund screams, "Don't try to resist!"
Found 18 gold pieces.
Found an escape hatch in the floor.
You see here a whip.
You feel sick.
You are no longer poisoned.
The goblin hits you with a dagger.
The goblin unwields an uncursed club.
The goblin wields a hunting sling.
The goblin shoots a stone.
The stone hits you.
* * * LOW HITPOINT WARNING * * *
Sigmund hits you from afar with a scythe.
You die...

........$ # #........ #
# # #..<...# # ..###.
#......########## ....
#g..g..#.......##
...##.g....#.....÷.##
#..#.)>...#.........
#.#)# #......... #.@.#
#.........
##.g######.......##
#.###.@##.(..÷........
...)...†g..............
##.###.###@###.###.#...
#..##.# #.# #.#.##
##.##@# #.# #.#.#
#.##g# #.# #.#.# #gg#.#
#.# #.#.#


You could see Sigmund and 5 goblins.

Vanquished Creatures
  An adder (D:2)
  An ooze (D:1)
  4 dart slugs
  A leopard gecko (D:2)
  A ball python (D:2)
  A giant cockroach (D:2)
  7 goblins
  4 hobgoblins
  9 bats
  5 frilled lizards
  2 kobolds (D:2)
  A rat (D:1)
37 creatures vanquished.

Notes
Turn   | Place    | Note
-------+----------+-------------------------------------------
     0 | D:1      | Revguard the Deep Elf Fire Elementalist began the quest for
                  | the Orb.
     0 | D:1      | Reached XP level 1. HP: 10/10 MP: 6/6
   701 | D:1      | Reached XP level 2. HP: 15/15 MP: 5/8
   887 | D:1      | Learned a level 2 spell: Throw Flame
  1274 | D:1      | Reached XP level 3. HP: 19/19 MP: 7/10
  1422 | D:2      | Learned a level 3 spell: Inner Flame
  1906 | D:2      | Noticed Sigmund
  1922 | D:2      | Reached skill level 4 in Fire Magic
  1934 | D:2      | Slain by Sigmund

Skill      XL: |  1  2  3 |
---------------+----------+-----
Fire Magic     | 4 |  4.0
Polearms       | |  0.7
Dodging        | |  2.7
Stealth        | |  2.9
Spellcasting   | |  3.6
Conjurations   | |  1.7

Action                   || total
-------------------------++-------
Melee: Spear             ||    24
 Cast: Flame Tongue      ||    29
       Throw Flame       ||    28
       Inner Flame       ||     1
  Use: Scroll            ||     4
       Potion            ||     3
 Stab: Sleeping          ||     1
  Eat: Chunk             ||     3
Armor: Robe              ||     1
Dodge: Dodged            ||    27
